AoeStats
← drakilouxD

Lombardia

510091625Analyzed
2v2 RM · 4d ago on Sep 29, 2026· 18m 13s· 4 players
Game mode
Random Map
Map size
Medium (4 player)
Population
200
Speed
Normal
Resources
Standard
Victory
Conquest
Starting age
Dark Age
Ending age
Imperial Age
RankedLock teamsTeams togetherTeam positionsShared explorationLock speedFull tech treeHidden civsTurbo modeCheats
Victory
Defeat
🇨🇳 Sicilians · China
1045
+18
🇨🇳 Cumans · China
1017
+19
🇫🇷 Varangians · France
1108
-19
🇭🇰 Burgundians · Hong Kong SAR China
1075
-18
cl12272003
0:46 Loom
5:20 Double-Bit Axe
7:45 Horse Collar
13:17 Feudal Age
14:11 Bow Saw
14:22 Heavy Plow
15:18 Man-at-Arms
drakilouxD
2:11 Loom
11:20 Feudal Age
15:14 Castle Age
13:05 Double-Bit Axe
13:34 Horse Collar
KKZ
4:28 Loom
11:14 Feudal Age
18:00 Forging
不要打我哦
11:26 Feudal Age
13:35 Double-Bit Axe
Connection lost

Rejoining the realm…

Still unreachable

The connection could not be restored.

Session expired

The server has moved on; the page needs a fresh start.